 Dungeon Crawl Stone Soup version 0.30-a0-760-g5a9884bb7c (webtiles) character file.

Game seed: 5153577461691761333

205 Farfigtubin the Chopper (level 5, -3/45 (47) HPs)
             Began as a Hill Orc Fighter on Feb 11, 2023.
             Slain by a necrophage (6 damage)
             ... on level 4 of the Dungeon.
             The game lasted 00:09:37 (1921 turns).

Farfigtubin the Chopper (Hill Orc Fighter)          Turns: 1921, Time: 00:09:38

HP:   -3/45 (47)    AC:  0    Str: 19    XL:     5   Next: 83%
MP:   5/5           EV:  9    Int:  8    God:
Gold: 157           SH:  4    Dex: 12    Spells: 4/4 levels left

rFire   . . .      SeeInvis .    a - +0 war axe
rCold   . . .      Faith    .    c - +0 buckler
rNeg    . . .      Spirit   .    b - +0 scale mail
rPois   .          Reflect  .    (no helmet)
rElec   .          Harm     .    (no cloak)
rCorr   .          Rampage  .    (no gloves)
Will    .....                    (no boots) Stlth
                                 (no amulet)
HPRegen 0.27/turn                (no ring)
MPRegen 0.09/turn                (no ring)

@: corroded, lightly drained
A: no striking features
a: no special abilities


You were on level 4 of the Dungeon.
You visited 1 branch of the dungeon, and saw 4 of its levels.

You collected 157 gold pieces.

Inventory:

Hand Weapons
 a - a +0 war axe (weapon)
Armour
 b - a +0 scale mail (worn)
 c - a +0 buckler (worn)
Jewellery
 h - an amulet of regeneration
 o - an amulet of magic regeneration
Scrolls
 e - a scroll of fear {unknown}
 f - a scroll of enchant weapon {unknown}
 i - a scroll of teleportation {unknown}
 l - a scroll of enchant armour {unknown}
 m - a scroll of vulnerability {unknown}
 n - 3 scrolls of identify {unknown}
 r - a scroll of magic mapping {unknown}
Potions
 d - a potion of might
 g - a potion of berserk rage {unknown}
 j - a potion of magic {unknown}
 k - a potion of lignification {unknown}
 p - a potion of haste {unknown}
 q - a potion of attraction {unknown}
 s - a potion of heal wounds {unknown}


   Skills:
 + Level 4.3 Fighting
 * Level 5.6 Axes
 + Level 4.4 Armour
 + Level 0.6 Dodging
 + Level 3.7 Shields


You had 4 spell levels left.
You didn't know any spells.
Your spell library was empty.

Dungeon Overview and Level Annotations

Branches:
Dungeon (4/15)
 Temple: D:4-7

Altars:
Sif Muna


Message History

The endoplasm hits you but does no damage.
The hound bites you but does no damage.
The hound pauses to sniff the ground.
You block the hound's attack. You block the endoplasm's attack.
A necrophage comes into view.
You slash the hound!
The hound is heavily wounded.
You hit the endoplasm. The hound closely misses you.
The endoplasm hits you but does no damage.
You hit the hound.
The hound is severely wounded.
You slash the endoplasm!
You kill the endoplasm!
The hound misses you.
A necrophage comes into view.
You block the hound's attack.
You slash the hound!
You kill the hound!
A rat comes into view.
You closely miss the necrophage.
The necrophage hits you but does no damage.
The necrophage hits you.
You slash the necrophage!
The necrophage is moderately damaged.
You hit the jelly.
Your hands burn!
You block the necrophage's attack. The jelly hits you. The acid corrodes you!
You are splashed with acid!
You closely miss the necrophage.
The necrophage is moderately damaged.
You hit the jelly but do no damage.
Your hands burn!
You block the jelly's attack. The necrophage hits you.
You feel drained.
The rat twitches its whiskers.
You barely miss the necrophage.
The necrophage is moderately damaged.
You hit the jelly.
Your hands burn!
You hit the necrophage. The necrophage hits you.
You feel drained. The jelly hits you.
* * * LOW HITPOINT WARNING * * *
The acid corrodes you!
You are splashed with acid!
* * * LOW HITPOINT WARNING * * *
The necrophage hits you.
You die...

..##.###.#....
...#...#.....
.. .......#..#.
#.##>..........
.............#
#.#....r.....#
#.....†.....#
#..n@...# #
##.†nJ.## .# .#
##....# #.#..#
#.#..###<....#
#.###...<.# #.
#..###...#
#.#.#.# #.##
#.#.#.# .# #
#.# #


You could see 2 necrophages, a jelly and a rat.

Vanquished Creatures
  A howler monkey (D:4)
  A hound (D:4)
  Jessica (D:3)
  5 adders
  A worm (D:2)
  A dart slug (D:3)
  6 bats
  6 endoplasms
  10 goblins
  6 hobgoblins
  6 kobolds
  2 quokkas (D:1)
  8 ball pythons
  2 frilled lizards (D:2)
  2 rats (D:2)
58 creatures vanquished.

Notes
Turn   | Place    | Note
-------+----------+-------------------------------------------
     0 | D:1      | Farfigtubin the Hill Orc Fighter began the quest for the
                  | Orb.
     0 | D:1      | Reached XP level 1. HP: 19/19 MP: 1/1
   209 | D:1      | Reached XP level 2. HP: 20/27 MP: 2/2
   534 | D:2      | Reached skill level 3 in Axes
   534 | D:2      | Reached XP level 3. HP: 27/33 MP: 3/3
   718 | D:2      | Reached XP level 4. HP: 36/40 MP: 4/4
   979 | D:3      | Noticed Jessica
   983 | D:3      | Killed Jessica
   984 | D:3      | Reached skill level 4 in Axes
  1172 | D:3      | Found a shimmering blue altar of Sif Muna.
  1197 | D:3      | Reached XP level 5. HP: 45/46 MP: 5/5
  1905 | D:4      | Reached skill level 5 in Axes
  1921 | D:4      | Slain by a necrophage

Illustrated notes

Levels and vault maps discovered:
D:1:      eino_arrival_cavern_b, layout_loops_ring
D:2:      layout_rooms
D:3:      layout_loops_ring, nicolae_sif_muna_little_library, uniq_jessica,
          uniq_crazy_yiuf_cottage
D:4:      layout_loops_ring, cheibrodos_sewer_entry_drain

Skill      XL: |  1  2  3  4  5 |
---------------+----------------+-----
Fighting       | 4 |  4.3
Axes           | 3 4 5 |  5.6
Armour         | 4 |  4.4
Dodging        | |  0.6
Shields        | |  3.7

Action                     |  1- 3 |  4- 6 || total
---------------------------+-------+-------++-------
  Melee: War axe           |    89 |    93 ||   182
 Armour: Scale mail        |    37 |    45 ||    82
  Dodge: Dodged            |    46 |    45 ||    91
  Block: Buckler           |    26 |    21 ||    47

Table legend: (Time is in decaauts)
 A = Elapsed time spent in this place.
 B = Non-inter-level travel time spent in this place.
 C = Inter-level travel time spent in this place.
 D = Time resting spent in this place.
 E = Time spent auto-exploring this place.
 F = Levels seen in this place.
 G = Mean time per level.
                   A        B        C        D        E       F      G
               +--------+--------+--------+--------+--------+-----+--------+
         Total |   1986 |   1977 |      9 |    172 |    594 |   4 |  496.5 |
       Dungeon |   1986 |   1977 |      9 |    172 |    594 |   4 |  496.5 |
               +--------+--------+--------+--------+--------+-----+--------+

Top non-repeatable levels by time:
     D:3: 787 daAuts
     D:2: 595 daAuts
     D:1: 576 daAuts
     D:4: 26 daAuts
